 Dungeon Crawl Stone Soup version 0.28-b1-1-g3c77fb2ed1 (webtiles) character file.

Game seed: 10062779099545134060

676 Akaron the Conjurer (level 7, -1/42 HPs)
             Began as an Octopode Conjurer on Jan 30, 2022.
             Slain by a hornet (15 damage)
             ... on level 4 of the Dungeon.
             The game lasted 00:14:10 (5030 turns).

Akaron the Conjurer (Octopode Conjurer)             Turns: 5030, Time: 00:14:11

Health: -1/42      AC:  1    Str:  7    XL:     7   Next: 60%
Magic:  11/14      EV: 13    Int: 22    God:
Gold:   119        SH:  0    Dex: 10    Spells: 8/16 levels left

rFire   + . .      SeeInvis .   k - +2 flail (protect)
rCold   x . .      Faith    .   (no shield)
rNeg    + . .      Spirit   .   (helmet restricted)
rPois   .          Reflect  .   (no amulet)
rElec   .          Harm     .   b - ring of fire
rCorr   +          Rampage  .   i - ring of resist corrosion
Will    .....                   p - ring of positive energy
Stlth   +++.......              (no ring)
HPRegen 0.14/turn               (no ring)
MPRegen 0.14/turn               (no ring)
                                (no ring)
                                (no ring)

@: lethally poisoned (-1 -> -9), slowed, very slow
A: almost no armour, amphibious, 8 rings, camouflage 1, gelatinous body 1,
(nimble swimmer 1), tentacles
a: no special abilities


You were on level 4 of the Dungeon.
You visited 1 branch of the dungeon, and saw 5 of its levels.

You collected 119 gold pieces.

Inventory:

Hand Weapons
 k - a +2 flail of protection (weapon)
 m - a +0 quarterstaff
Missiles
 n - 3 poisoned darts
Jewellery
 b - a ring of fire (left tentacle)
 i - a ring of resist corrosion (right tentacle)
 p - a ring of positive energy (on tentacle)
Wands
 t - a wand of polymorph (8)
 v - a wand of digging (6)
Scrolls
 e - a scroll of blinking {unknown}
 l - 3 scrolls of teleportation
 o - a scroll of amnesia {unknown}
 q - a scroll of vulnerability {unknown}
 r - a scroll of immolation {unknown}
Potions
 a - a potion of lignification
 c - 2 potions of might
 d - a potion of magic
 f - a potion of brilliance {unknown}
 g - a potion of berserk rage
 h - 4 potions of curing
 j - 2 potions of flight
 s - a potion of attraction {unknown}
 u - a potion of mutation {unknown}


   Skills:
 + Level 0.6 Fighting
 + Level 0.6 Maces & Flails
 + Level 2.6 Dodging
 - Level 3.0 Stealth
 + Level 5.0 Spellcasting
 + Level 6.9 Conjurations
 * Level 0.1 Fire Magic


You had 8 spell levels left.
You knew the following spells:

 Your Spells              Type           Power      Damage    Failure   Level
a - Magic Dart            Conj           100%       1d8       1%          1
b - Searing Ray           Conj           72%        2d7       1%          2
c - Dazzling Flash        Conj/Hex       40%        N/A       7%          3
d - Scorch                Fire           18%        2d5       14%         2

Your spell library contained the following spells:

 Spells                   Type           Power      Damage    Failure   Level
 Flame Wave               Conj/Fire      31%        2d8       24%         4
 Fulminant Prism          Conj/Hex       10%        3d9       24%         4
 Iskenderun's Mystic Bla  Conj/Tloc      20%        2d6       24%         4
 Starburst                Conj/Fire      15%        6d6       98%         6
 Summon Cactus Giant      Summ           2%         N/A       100%        6


Dungeon Overview and Level Annotations

Branches:
Dungeon (5/15)
 Temple: D:4-7

Altars:
Zin


Innate Abilities, Weirdness & Mutations

You cannot wear most types of armour.
You are amphibious.
You can wear up to eight rings at the same time.
Your skin changes colour to match your surroundings (Stealth+).
Your rubbery body absorbs attacks. (AC +1, EV +1)
((You are camouflaged when in or above water. (Stealth+)))
You have tentacles for arms and can constrict up to eight enemies at once.


Message History

You kill the orc! (Press . to maintain the ray.) Restarting spell: Searing Ray (safe; 1% risk of failure)
Press: ? - help, Q - select action, (/) - cycle Shift-Dir - straight line, f - orc
Aim: an orc, wielding a +0 hand axe (heavily wounded, 81% to hit)
The searing ray hits the orc!
You kill the orc! (Press . to maintain the ray.)
Things that are here:
a +0 hand axe; a +0 flail; an orc corpse A kobold comes into view.
It is wielding a +0 dagger.
You can't see any susceptible monsters within range! (Use Z to cast anyway.)
Aiming: Searing Ray (safe; 1% risk of failure)
Press: ? - help, Q - select action, (/) - cycle Shift-Dir - straight line, f - you
Okay, then.
The searing ray hits the kobold!
You kill the kobold! (Press . to maintain the ray.)
A hornet comes into view.
You can't see any susceptible monsters within range! (Use Z to cast anyway.)
The hornet buzzes angrily.
The searing ray misses the hornet. (Press . to maintain the ray.)
The searing ray hits the hornet.
The hornet is lightly wounded.
The hornet closely misses you.
The searing ray hits the hornet!
The hornet is moderately wounded.
The hornet stings you.
You feel yourself slow down. The hornet stings you.
You feel as though you will be slow longer.
You barely miss the hornet. Your grab misses the hornet.
The hornet is moderately wounded.
The hornet misses you. The hornet barely misses you. The hornet stings you!
You are poisoned.
You feel as though you will be slow longer.
You feel very sick. The hornet stings you!
You feel as though you will be slow longer.
The hornet stings you!
You die...

#..........#.... ##.........)....
#....##.......# .
##.)..........##..
#....))......)....
#..#......##...... .
##.####............. #
#####.##...###[.... ##
###.##.......@y....#
.###....#......##....##
.<.............# #...#
.................#......
.................( .....
...##....................##...##
.#.#............................
.#............................#..
.#............... ...........#..


You could see a hornet.

Vanquished Creatures
  Menkaure (D:5)
  Duvessa (D:4)
  A black bear (D:4)
  A scorpion (D:3)
  Dowan (D:4)
  An orc priest (D:5)
  A hound (D:5)
  An iguana (D:5)
  A hound skeleton (D:4)
  3 gnolls (D:2)
  3 adders
  2 worms
  3 dart slugs
  8 orcs
  6 bats
  6 endoplasms
  3 giant cockroaches
  8 goblins
  6 hobgoblins
  4 jackals (D:3)
  7 quokkas
  8 ball pythons
  3 frilled lizards (D:1)
  9 kobolds
  6 rats
94 creatures vanquished.

Notes
Turn   | Place    | Note
-------+----------+-------------------------------------------
     0 | D:1      | Akaron the Octopode Conjurer began the quest for the Orb.
     0 | D:1      | Reached XP level 1. HP: 11/11 MP: 3/3
   316 | D:1      | Reached XP level 2. HP: 17/17 MP: 3/5
   319 | D:1      | Learned a level 2 spell: Searing Ray
   957 | D:1      | Reached XP level 3. HP: 21/21 MP: 4/6
  1622 | D:2      | Found a glowing silver altar of Zin.
  1740 | D:2      | Learned a level 3 spell: Dazzling Flash
  1992 | D:2      | Reached skill level 5 in Conjurations
  2061 | D:2      | Reached XP level 4. HP: 4/27 MP: 1/7
  2851 | D:2      | Found a faded altar of an unknown god.
  3269 | D:3      | Reached XP level 5. HP: 31/31 MP: 5/9
  4024 | D:4      | Noticed Duvessa
  4027 | D:4      | Noticed Dowan
  4030 | D:4      | Killed Duvessa
  4031 | D:4      | Reached skill level 6 in Conjurations
  4031 | D:4      | Reached XP level 6. HP: 9/36 MP: 3/11
  4039 | D:4      | Noticed a black bear
  4040 | D:4      | Killed Dowan
  4048 | D:5      | Entered Level 5 of the Dungeon
  4359 | D:5      | Reached XP level 7. HP: 26/41 MP: 3/13
  4492 | D:5      | Noticed Menkaure
  4497 | D:5      | Killed Menkaure
  4830 | D:4      | Reached skill level 5 in Spellcasting
  4886 | D:4      | Learned a level 2 spell: Scorch
  5011 | D:4      | Noticed a hornet
  5030 | D:4      | Slain by a hornet

Illustrated notes

Levels and vault maps discovered:
D:1:      scummos_arrival_simple_crosswalls, layout_basic
D:2:      layout_loops_corners, basic_altar, nicolae_ecumenical_pavilion
D:3:      layout_rooms
D:4:      layout_cave_pools, kennysheep_generic_room_4, uniq_duvessa
D:5:      kennysheep_kobold_camp, layout_basic, uniq_menkaure, uniq_edmund

Skill      XL: |  1  2  3  4  5  6  7 |
---------------+----------------------+-----
Stealth        | 3 |  3.0
Conjurations   | 5 6 |  6.9
Spellcasting   | 3 4 5 |  5.0
Fighting       | |  0.6
Maces & Flails | |  0.6
Dodging        | |  2.6
Fire Magic     | |  0.1

Action                   |  1- 3 |  4- 6 |  7- 9 || total
-------------------------+-------+-------+-------++-------
Melee: Flail             |       |    12 |     2 ||    14
       Constrict         |       |     2 |       ||     2
       Tentacles         |       |     2 |       ||     2
 Cast: Magic Dart        |    65 |    67 |    16 ||   148
       Searing Ray       |     2 |     7 |     9 ||    18
  Use: Scroll            |       |     3 |     4 ||     7
Armor: Skin              |       |     2 |       ||     2
Dodge: Dodged            |     6 |    15 |     7 ||    28
